 Dungeon Crawl Stone Soup version 0.20.1-1-g8b1a95d (webtiles) character file.

124 kaze the Covered (level 5, -3/46 HPs)
             Began as a Hill Orc Fighter on Sept 16, 2017.
             Was a Follower of Uskayaw.
             Slain by an iguana (7 damage)
             ... on level 4 of the Dungeon.
             The game lasted 00:03:58 (2691 turns).

kaze the Covered (Hill Orc Fighter)                 Turns: 2691, Time: 00:03:58

Health: -3/46      AC:  8    Str: 25    XL:     5   Next: 8%
Magic:  5/5        EV:  8    Int:  8    God:    Uskayaw [*.....]
Gold:   146        SH: 10    Dex: 10    Spells: 4/4 levels left

rFire    x . .     SeeInvis .   a - +0 war axe
rCold    + . .     Gourm    .   c - +0 shield
rNeg     . . .     Faith    .   b - +0 scale mail
rPois    .         Spirit   .   (no helmet)
rElec    .         Reflect  .   q - +0 cloak
rCorr    .         Harm     .   (no gloves)
MR       .....                  (no boots)
Stlth    ..........             (no amulet)
Regen    0.2/turn               g - ring of ice
MPRegen  0.1/turn               (no ring)

@: mighty
A: no striking features
a: Stomp, Renounce Religion


You were on level 4 of the Dungeon.
You worshipped Uskayaw.
Uskayaw was noncommittal.
You were not hungry.

You visited 1 branch of the dungeon, and saw 4 of its levels.

You collected 146 gold pieces.

Inventory:

Hand Weapons
 a - a +0 war axe (weapon)
Armour
 b - a +0 scale mail (worn)
 c - a +0 shield (worn)
 q - a +0 cloak (worn)
Jewellery
 g - a ring of ice (left hand)
Scrolls
 l - 4 scrolls of remove curse {unknown}
 o - a scroll of enchant armour {unknown}
 p - a scroll of blinking {unknown}
 s - a scroll of fog
Potions
 d - 2 potions of might
 e - 3 potions of curing {unknown}
 h - a potion of mutation {unknown}
 m - 2 potions of heal wounds {unknown}
 n - a potion of berserk rage {unknown}
 r - a potion of degeneration {unknown}
Comestibles
 f - 3 bread rations
 i - 2 fruits
 j - a royal jelly
 k - 2 meat rations


   Skills:
 + Level 4.1 Fighting
 + Level 3.7 Axes
 + Level 4.5 Armour
 + Level 0.4 Dodging
 + Level 0.3 Stealth
 + Level 4.1 Shields


You had 4 spell levels left.
You didn't know any spells.

Dungeon Overview and Level Annotations

Branches:
Dungeon (4/15)
 Temple: D:4-7

Altars:
Fedhas
Gozag
Makhleb
Nemelex Xobeh
Trog
Uskayaw


Message History

You are too injured to fight recklessly!
You are too injured to fight recklessly!
You are too injured to fight recklessly!
You are too injured to fight recklessly!
You hit the iguana but do no damage.
The iguana is almost dead.
The iguana bites you!
* * * LOW HITPOINT WARNING * * *
The iguana bites you!
* * * LOW HITPOINT WARNING * * *
Your shield and scale mail prevent you from hitting the iguana.
The iguana is almost dead.
The iguana bites you.
* * * LOW HITPOINT WARNING * * *
Your shield prevents you from hitting the iguana.
The iguana is almost dead.
You block the iguana's attack.
You feel very mighty all of a sudden. The iguana bites you!
You die...

..........##.#...####
....)....[..........+
......######.#...####
#..#### #.#......#
##. #.#.####.# #
#....# # ###..#
#..###.# #..@l..#
##.##### #.# #.# #..
###


You could see an iguana.

Vanquished Creatures
  A scorpion (D:4)
  2 adders
  An ooze (D:3)
  A dart slug (D:1)
  2 leopard geckos (D:1)
  7 bats
  5 giant cockroaches
  10 goblins
  2 hobgoblins
  A jackal (D:2)
  A quokka (D:2)
  7 kobolds
  4 rats (D:1)
44 creatures vanquished.

Notes
Turn   | Place    | Note
-------+----------+-------------------------------------------
     0 | D:1      | kaze the Hill Orc Fighter began the quest for the Orb.
     0 | D:1      | Reached XP level 1. HP: 19/19 MP: 1/1
   170 | D:1      | Reached XP level 2. HP: 26/27 MP: 2/2
   839 | D:1      | Reached XP level 3. HP: 30/33 MP: 3/3
  1154 | D:2      | Found an opulent altar of Gozag.
  1774 | D:3      | Found a faded altar of an unknown god.
  1790 | D:3      | Found a hide-covered altar of Uskayaw.
  1798 | D:3      | Became a worshipper of Uskayaw the Reveler
  1959 | D:3      | Reached * piety under Uskayaw
  2054 | D:3      | Reached XP level 4. HP: 39/40 MP: 4/4
  2206 | D:3      | Found a sparkling altar of Nemelex Xobeh.
  2582 | D:3      | Found a bloodstained altar of Trog.
  2582 | D:3      | Found a burning altar of Makhleb.
  2584 | D:3      | Found a blossoming altar of Fedhas.
  2614 | D:4      | Reached ** piety under Uskayaw
  2619 | D:4      | Reached XP level 5. HP: 45/46 MP: 5/5
  2691 | D:4      | Slain by an iguana

Skill      XL: |  1  2  3  4 |
---------------+-------------+-----
Axes           | 3 |  3.7
Armour         | 4 |  4.5
Fighting       | 4 |  4.1
Shields        | 4 |  4.1
Dodging        | |  0.4
Stealth        | |  0.3

Action                   |  1- 3 |  4- 6 || total
-------------------------+-------+-------++-------
Melee: War axe           |   106 |    48 ||   154
  Use: Scroll            |     6 |       ||     6
       Potion            |       |     1 ||     1
  Eat: Chunk             |     3 |     1 ||     4
       Bread ration      |       |     1 ||     1
Armor: Scale mail        |    49 |    17 ||    66
Dodge: Dodged            |    41 |    14 ||    55
Block: Shield            |    52 |    28 ||    80
